 Dungeon Crawl Stone Soup version 0.28-a0-79-g444c7a33f5 (webtiles) character file.

Game seed: 9802945684898306485

51 siradein the Vexing (level 3, -1/24 HPs)
             Began as a Vampire Enchanter on Aug 3, 2021.
             Succumbed to a kobold's poison
             ... on level 2 of the Dungeon.
             The game lasted 00:04:12 (1210 turns).

siradein the Vexing (Vampire Enchanter)             Turns: 1210, Time: 00:04:13

Health: -1/24      AC:  4    Str:  7    XL:     3   Next: 57%
Magic:  1/7        EV: 11    Int: 18    God:
Gold:   25         SH:  0    Dex: 14    Spells: 1/8 levels left

rFire   + . .      SeeInvis +   a - +1 dagger
rCold   . . .      Faith    .   (no shield)
rNeg    . . .      Spirit   .   g - +0 leather armour
rPois   .          Reflect  .   (no helmet)
rElec   .          Harm     .   (no cloak)
rCorr   .          Rampage  .   (no gloves)
Will    .....                   f - +0 pair of boots
Stlth   ++........              (no amulet)
HPRegen 0.28/turn               e - ring of protection from fire
MPRegen 0.10/turn               (no ring)

@: lethally poisoned (-1 -> -15), confusing by touch, healing quickly
A: alive, fangs 3, see invisible, vampiric 2
a: Exsanguinate


You were on level 2 of the Dungeon.
You visited 1 branch of the dungeon, and saw 2 of its levels.

You collected 25 gold pieces.

Inventory:

Hand Weapons
 a - a +1 dagger (weapon)
Armour
 f - a +0 pair of boots (worn)
 g - a +0 leather armour (worn)
Jewellery
 e - a ring of protection from fire (left hand)
Scrolls
 c - a scroll of magic mapping {unknown}
 h - 2 scrolls of identify {unknown}
 i - a scroll of teleportation {unknown}
 k - a scroll of blinking {unknown}
Potions
 b - a potion of degeneration {unknown}
 d - a potion of flight {unknown}
 j - a potion of haste {unknown}


   Skills:
 - Level 1.1 Short Blades
 - Level 2.1 Dodging
 - Level 4.4 Stealth
 + Level 3.0 Spellcasting
 + Level 5.7 Hexes


You had one spell level left.
You knew the following spells:

 Your Spells              Type           Power      Damage    Failure   Level
a - Corona                Hex            25%        N/A       2%          1
b - Confusing Touch       Hex            23%        N/A       7%          3
c - Tukima's Dance        Hex            23%        N/A       7%          3

Your spell library contained the following spells:

 Spells                   Type           Power      Damage    Failure   Level
 Ensorcelled Hibernation  Hex/Ice        24%        N/A       12%         2
 Dazzling Flash           Conj/Hex       24%        N/A       22%         3


Dungeon Overview and Level Annotations

Branches:
Dungeon (2/15)

Altars:


Innate Abilities, Weirdness & Mutations

Your natural rate of healing is accelerated.
You have razor-sharp teeth.
You have supernaturally acute eyesight. (SInv)
You are afflicted with vampirism and can become a bat while bloodless.


Message History

You hit the kobold. Your bite misses the kobold.
The kobold is moderately wounded.
The kobold closely misses you.
You closely miss the kobold.
The kobold is moderately wounded.
The kobold hits you with a +0 dagger of venom.
You hit the kobold but do no damage.
The kobold is moderately wounded.
The kobold hits you but does no damage.
You hit the kobold but do no damage.
The kobold is moderately wounded.
The kobold hits you with a +0 dagger of venom.
You are poisoned.
You hit the kobold but do no damage. Your bite misses the kobold.
The kobold is moderately wounded.
You feel very sick.
Casting: Corona (safe; 2% risk of failure)
Confirm with . or Enter, or press ? or * to list all spells.
The spell is quite dangerous to cast (7% risk of failure)!
Continue anyway?
Aiming: Tukima's Dance (quite dangerous; 7% risk of failure)
Press: ? - help, Shift-Dir - straight line, f - kobold
Aim: a kobold, wielding a +0 dagger of venom (moderately wounded, chance to affect: 78%)
The kobold barely resists.
You feel sick.
The kobold hits you with a +0 dagger of venom.
You are lethally poisoned!
Casting: Tukima's Dance (quite dangerous; 7% risk of failure)
Confirm with . or Enter, or press ? or * to list all spells.
The spell is quite dangerous to cast (7% risk of failure)!
Continue anyway?
Your hands begin to glow red.
You feel very sick.
The kobold hits you with a +0 dagger of venom.
You are more poisoned.
You hit the kobold but do no damage. You bite the kobold, but do no damage.
The kobold is moderately wounded.
* * * LOW HITPOINT WARNING * * *
You feel very sick. The kobold barely misses you.
* * * LOW HITPOINT WARNING * * *
You feel very sick.
You die...

######.........
.†.##.......##.
##.#.........#.##
##..............#
.#'#...#.#...#..#####
##†#...#.## ##..##..
#..#####..## #..##†#
......†)...###..##K######
..⌠..<..⌠.......@......>#
...........##...##.####.#
#..#####..###......#
##.#...#.##...#.####
#.##..#.######.#
#.......# #.# #..##.#.##
#.# #.##....#####.######
....................#


You could see a kobold.

Vanquished Creatures
  Jessica (D:2)
  4 endoplasms (D:2)
  2 giant cockroaches (D:2)
  A goblin (D:1)
  3 hobgoblins
  A quokka (D:1)
  2 ball pythons (D:2)
  2 bats
  A frilled lizard (D:2)
  2 kobolds (D:2)
  4 rats
23 creatures vanquished.

Vanquished Creatures (collateral kills)
  A kobold (D:2)
1 creature vanquished.

Grand Total: 24 creatures vanquished

Notes
Turn   | Place    | Note
-------+----------+-------------------------------------------
     0 | D:1      | siradein the Vampire Enchanter began the quest for the Orb.
     0 | D:1      | Reached XP level 1. HP: 13/13 MP: 3/3
   674 | D:1      | Found a faded altar of an unknown god.
   837 | D:2      | Reached XP level 2. HP: 14/19 MP: 3/5
   859 | D:2      | Noticed Jessica
   879 | D:2      | Killed Jessica
   880 | D:2      | Reached skill level 5 in Hexes
   880 | D:2      | Gained mutation: You are afflicted with vampirism and can
                  | become a bat while bloodless. [Vampire growth]
   880 | D:2      | Reached XP level 3. HP: 14/24 MP: 5/7
  1098 | D:2      | Learned a level 3 spell: Confusing Touch
  1102 | D:2      | Learned a level 3 spell: Tukima's Dance
  1210 | D:2      | Succumbed to a kobold's poison

Illustrated notes

Levels and vault maps discovered:
D:1:      dpeg_arrival_rooms_b, layout_loops_ring,
          hellmonk_ecumenical_altar_leap_of_faith, minivault_14, minivault_27,
          minmay_misc_feat_encased
D:2:      layout_loops_ring, grunt_ministairs_15, uniq_jessica

Skill      XL: |  1  2  3 |
---------------+----------+-----
Hexes          | 5 |  5.7
Spellcasting   | 3 |  3.0
Short Blades   | |  1.1
Dodging        | |  2.1
Stealth        | |  4.4

Action                   || total
-------------------------++-------
Melee: Dagger            ||   103
       Bite              ||     6
 Cast: Corona            ||    18
       Tukima's Dance    ||     2
       Confusing Touch   ||     1
 Stab: Sleeping          ||     4
Armor: Leather armour    ||    18
       Robe              ||     2
Dodge: Dodged            ||    61

Table legend: (Time is in decaauts)
 A = Elapsed time spent in this place.
 B = Non-inter-level travel time spent in this place.
 C = Inter-level travel time spent in this place.
 D = Time resting spent in this place.
 E = Time spent auto-exploring this place.
 F = Levels seen in this place.
 G = Mean time per level.
                   A        B        C        D        E       F      G
               +--------+--------+--------+--------+--------+-----+--------+
         Total |   1209 |   1171 |     38 |      0 |    898 |   2 |  604.5 |
       Dungeon |   1209 |   1171 |     38 |      0 |    898 |   2 |  604.5 |
               +--------+--------+--------+--------+--------+-----+--------+

Top non-repeatable levels by time:
     D:1: 807 daAuts
     D:2: 401 daAuts
